 Dungeon Crawl Stone Soup version 0.31-a0-1363-g282adc679d (webtiles) character file.

Game seed: 778322295067449604

1749136 iamserjio the Slayer (level 27, 189/189 HPs)
             Began as an Octopode Wanderer on Dec 23, 2023.
             Was a High Priest of Hepliaklqana.
             Escaped with the Orb
             ... and 3 runes
             ... and 1 gem!
             The game lasted 03:00:04 (70229 turns).

iamserjio the Slayer (Octopode Wanderer)           Turns: 70229, Time: 03:00:05

Health: 189/189    AC:  3    Str: 16    XL:     27
Magic:  32/32      EV: 59    Int: 27    God:    Hepliaklqana [*****.]
Gold:   1987       SH: 21    Dex: 36    Spells: 11/38 levels left

rFire   + + .        W - +9 demon blade (freeze)
rCold   + + .        U - +3 kite shield "Kyisoj" {Regen+ Dex+3}
rNeg    . . .        G - +2 hat {Stlth+}
rPois   +            H - amulet "Anut" {rC+ Will+ Regen+ Int+3}
rElec   +            D - +5 ring of evasion
rCorr   .            Z - +5 ring of evasion
SInv    .            B - ring "Kazohiarch" {^Contam rPois rF++ Int+7}
Will    ++++.        e - +6 ring of dexterity
Stlth   +++          L - +6 ring of dexterity
HPRegen 2.11/turn    A - +5 ring of evasion
MPRegen 0.23/turn    t - ring of Guiq {rElec rC+ Will+ Str+3}
                     w - +5 ring of evasion

%: no passive effects
@: maw-form
A: devouring maw, reduced essence, almost no armour, amphibious, 8 rings,
camouflage 1, gelatinous body 1, (nimble swimmer 1), tentacles, poison
resistance, wild magic 1
0: Orb of Zot
}: 3/15 runes: barnacled, silver, gossamer
a: Begin Untransformation, Renounce Religion, Recall Ancestor, Ancestor
Identity, Transference, Idealise


You escaped.
You worshipped Hepliaklqana.
Hepliaklqana was extremely pleased with you.
You were a creature with a mouth for a stomach.
You visited 11 branches of the dungeon, and saw 51 of its levels.
You visited 1 bazaar.
You also visited: Ice Cave.

You collected 8968 gold pieces.
You spent 6981 gold pieces at shops.

Inventory:

Hand Weapons
 c - a +0 spear of distortion
 i - the +6 double sword of Xawahu {freeze, *Slow rF++}
   (You acquired it on level 8 of the Dungeon)

   rF++:      It greatly protects you from fire.
   *Slow:     It may slow you when you take damage.
 W - a +9 demon blade of freezing (weapon)
Missiles
 k - 10 throwing nets {!f}
 z - 12 curare-tipped darts (quivered)
Armour
 G - a +2 hat of stealth (worn)
 U - the +3 kite shield "Kyisoj" (worn) {Regen+ Dex+3}
   (You found it on level 1 of the Crypt)

   Dex+3:     It affects your dexterity (+3).
   Regen+:    It increases your rate of health regeneration.
Magical Staves
 R - the staff "Itrafusm" {Int+4 Earth}
   (You found it on level 5 of the Vaults)

   [staff of earth]

   Base accuracy: +5 Base damage: 5 Base attack delay: 1.2 This weapon's minimum
   attack delay (0.6) is reached at skill level 12.
   Int+4:     It affects your intelligence (+4).
   Earth:     It increases the power of your Earth spells.
   It falls into the 'Staves' category.
   It is a one-tentacled weapon.
Jewellery
 e - a +6 ring of dexterity (on tentacle)
 q - a ring of wizardry
 t - the ring of Guiq (on tentacle) {rElec rC+ Will+ Str+3}
   (You found it on level 4 of the Shoals)

   [ring of willpower]

   Str+3:     It affects your strength (+3).
   rC+:       It protects you from cold.
   rElec:     It insulates you from electricity.
   Will+:     It increases your willpower.
 w - a +5 ring of evasion (on tentacle)
 x - a +4 ring of slaying
 y - a ring of resist corrosion
 A - a +5 ring of evasion (on tentacle)
 B - the ring "Kazohiarch" (on tentacle) {^Contam rPois rF++ Int+7}
   (You took it off a deep elf master archer on level 3 of the Elven Halls)

   [ring of poison resistance]

   Int+7:     It affects your intelligence (+7).
   rF++:      It greatly protects you from fire.
   rPois:     It protects you from poison ^Contam: It causes magical
   contamination when unequipped.
 D - a +5 ring of evasion (left tentacle)
 H - the amulet "Anut" (around mantle) {rC+ Will+ Regen+ Int+3}
   (You bought it in a shop on level 2 of the Orcish Mines)

   [amulet of regeneration]

   Int+3:     It affects your intelligence (+3).
   rC+:       It protects you from cold.
   Will+:     It increases your willpower.
   Regen+:    It increases your rate of health regeneration.
 I - a ring of positive energy
 L - a +6 ring of dexterity (on tentacle)
 N - the ring of Mistrust {rElec rPois Will- rCorr Int+3}
   (You took it off a deep elf sorcerer on level 3 of the Elven Halls)

   [ring of resist corrosion]

   Int+3:     It affects your intelligence (+3).
   rElec:     It insulates you from electricity.
   rPois:     It protects you from poison Will-: It decreases your willpower.
   rCorr:     It protects you from acid and corrosion.
 V - the ring "Lerch" {Ice +Blink}
   (You took it off Josephina on level 2 of the Depths)

   [ring of ice]

   Ice:       It enhances your ice magic.
   rF-:       It makes you vulnerable to fire.
   rC+:       It protects you from cold.
   +Blink:    It lets you blink.
 Z - a +5 ring of evasion (right tentacle)
Talismans
 p - a maw talisman (active)
Wands
 a - a wand of digging (3) {@v3}
 b - a wand of paralysis (59)
 f - a wand of polymorph (5)
 g - a wand of iceblast (20) {@v2}
 o - a wand of light (38)
 s - a wand of mindburst (8)
Scrolls
 m - 15 scrolls of teleportation {@r3}
 u - 4 scrolls of blinking {@r4}
 M - 5 scrolls of fear
 T - 3 scrolls of summoning
 X - 11 scrolls of fog
Potions
 h - 9 potions of resistance {@q5}
 j - 4 potions of mutation
 l - 11 potions of heal wounds {@q2}
 n - 22 potions of curing {@q1}
 r - 12 potions of lignification
 v - 4 potions of cancellation
 E - 7 potions of magic
 F - 11 potions of ambrosia
 J - 3 potions of invisibility
 O - 9 potions of haste {@q4}
 Q - 9 potions of enlightenment
 S - 4 potions of might {@q3}
Miscellaneous
 d - a phantom mirror
 C - a lightning rod (4/4)
 K - a sack of spiders
 P - a condenser vane
 Y - a phial of floods


   Skills:
 - Level 23.0 Fighting
 + Level 21.3 Long Blades
 - Level 19.4 Dodging
 - Level 11.9 Stealth
 + Level 15.3 Shields
 - Level 6.0 Spellcasting
 + Level 14.2 Summonings
 - Level 10.2 Translocations
 - Level 5.0 Ice Magic
 - Level 3.5 Air Magic
 - Level 6.3 Earth Magic
 - Level 6.9 Alchemy
 - Level 12.1 Invocations
 - Level 15.0 Evocations
 - Level 10.0 Shapeshifting


You had 11 spell levels left.
You knew the following spells:

 Your Spells              Type           Power      Damage    Failure   Level
a - Blink                 Tloc           100%       N/A       1%          2
b - Ozocubu's Armour      Ice            45%        N/A       7%          3
c - Apportation           Tloc           100%       N/A       1%          1
d - Call Canine Familiar  Summ           84%        N/A       1%          3
e - Swiftness             Air            35%        N/A       12%         3
f - Lesser Beckoning      Tloc           100%       N/A       1%          2
g - Summon Cactus Giant   Summ           42%        N/A       8%          6
h - Passwall              Alch/Erth      45%        N/A       2%          2
i - Summon Forest         Summ/Tloc      38%        N/A       3%          5

Your spell library contained the following spells:

 Spells                   Type           Power      Damage    Failure   Level
 Sandblast                Erth           100%       2d20      1%          1
 Summon Small Mammal      Summ           100%       N/A       1%          1
 Call Imp                 Summ           100%       N/A       1%          2
 Gell's Gravitas          Tloc           70%        N/A       1%          3
 Teleport Other           Tloc           70%        N/A       1%          3
 Freeze                   Ice            100%       1d10      2%          1
 Mercury Vapours          Alch/Air       94%        N/A       3%          2
 Momentum Strike          Conj/Tloc      92%        3d10      3%          2
 Summon Guardian Golem    Hex/Summ       57%        N/A       3%          3
 Summon Ice Beast         Ice/Summ       67%        N/A       3%          4
 Sting                    Conj/Alch      100%       1d9       4%          1
 Cigotuvi's Dreadful Rot  Necr/Alch/Air  70%        N/A       6%          2
 Shock                    Conj/Air       92%        1d8       9%          1
 Ensorcelled Hibernation  Hex/Ice        56%        N/A       10%         2
 Olgreb's Toxic Radiance  Alch           56%        N/A       10%         4
 Vhi's Electric Charge    Tloc/Air       100%       N/A       10%         4
 Leda's Liquefaction      Alch/Erth      27%        N/A       11%         4
 Petrify                  Alch/Erth      55%        N/A       11%         4
 Mephitic Cloud           Conj/Alch/Air  35%        N/A       12%         3
 Stone Arrow              Conj/Erth      64%        3d11      13%         3
 Necrotise                Necr           40%        1d6       16%         1
 Hailstorm                Conj/Ice       28%        3d8       17%         3
 Dimensional Bullseye     Hex/Tloc       23%        N/A       19%         4
 Iskenderun's Mystic Bla  Conj/Tloc      46%        2d10      19%         4
 Scorch                   Fire           20%        2d5       22%         2
 Sublimation of Blood     Necr           10%        N/A       22%         2
 Lee's Rapid Deconstruct  Erth           26%        3d14*     30%         5
 Airstrike                Air            17%        2d(3-19)  32%         4
 Fulminant Prism          Conj/Alch      17%        3d11      34%         4
 Ignite Poison            Fire/Alch      34%        N/A       34%         4
 Dispersal                Tloc           35%        N/A       34%         6
 Summon Hydra             Summ           42%        N/A       34%         7
 Brom's Barrelling Bould  Conj/Erth      32%        2d5       36%         4
 Fugue of the Fallen      Necr           10%        N/A       41%         3
 Inner Flame              Hex/Fire       10%        N/A       41%         3
 Sigil of Binding         Hex            10%        N/A       41%         3
 Tukima's Dance           Hex            10%        N/A       41%         3
 Vampiric Draining        Necr           10%        2d6       41%         3
 Malign Gateway           Summ/Tloc      38%        N/A       61%         7
 Irradiate                Conj/Alch      17%        3d17      67%         5
 Borgnjor's Vile Clutch   Necr/Erth      16%        N/A       71%         5
 Eringya's Noxious Bog    Alch           28%        4d6       75%         6
 Anguish                  Hex/Necr       5%         N/A       78%         4
 Animate Dead             Necr           10%        N/A       78%         4
 Cause Fear               Hex            5%         N/A       78%         4
 Flame Wave               Conj/Fire      10%        2d6       78%         4
 Metabolic Englaciation   Hex/Ice        14%        N/A       78%         5
 Agony                    Necr           10%        N/A       98%         5
 Fireball                 Conj/Fire      5%         3d5       98%         5
 Iskenderun's Battlesphe  Conj           10%        2d6       98%         5
 Bombard                  Conj/Erth      16%        9d3       99%         6
 Haunt                    Necr/Summ      28%        N/A       99%         7
 Conjure Ball Lightning   Conj/Air       11%        3x3d6     100%        6
 Death Channel            Necr           5%         N/A       100%        6
 Simulacrum               Ice/Necr       14%        N/A       100%        6
 Enfeeble                 Hex            5%         N/A       100%        7
 Orb of Destruction       Conj           5%         9d5       100%        7
 Ozocubu's Refrigeration  Ice            22%        4d12      100%        7
 Borgnjor's Revivificati  Necr           5%         N/A       100%        8
 Discord                  Hex            5%         N/A       100%        8
 Disjunction              Tloc           35%        N/A       100%        8
 Ignition                 Fire           5%         3d4       100%        8
 Lehudib's Crystal Spear  Conj/Erth      16%        10d5      100%        8
 Death's Door             Necr           5%         N/A       100%        9
 Dragon's Call            Summ           42%        N/A       100%        9
 Fire Storm               Conj/Fire      5%         8d1       100%        9
 Polar Vortex             Ice            22%        12d3*     100%        9
 Animate Armour           Summ/Erth      Unusable   N/A       N/A         4

Dungeon Overview and Level Annotations

Branches:
Dungeon (15/15)            Temple (1/1) D:7            Lair (5/5) D:11
 Shoals (4/4) Lair:2       Spider (4/4) Lair:3        Slime (0/5) Lair:4
    Orc (2/2) D:9             Elf (3/3) Orc:2        Vaults (5/5) D:14
  Crypt (3/3) Vaults:2     Depths (4/4) D:15            Zot (5/5) Depths:4
  IceCv (visited)
   Tomb: Crypt:3

Altars:
Ashenzari
Cheibriados
Dithmenos
Elyvilon
Fedhas
Gozag
Hepliaklqana
Kikubaaqudgha
Makhleb
Nemelex Xobeh
Okawaru
Qazlal
Ru
Sif Muna
Trog
Uskayaw
Vehumet
Wu Jian
Xom
Yredelemnul
Zin
The Shining One
Jiyva

Shops:
D:1 *   D:7 *   D:11 *   Orc:1 [   Orc:2 =?(([   Elf:1 :   Elf:2 :   Vaults:3 (
Depths:2 =   Depths:3 *   Depths:4 !

Portals:
Hell: Lair:5 Depths:1 Depths:2 Depths:3 Depths:4
Abyss: Depths:3
Pandemonium: Depths:1 Depths:2 Depths:4
Ziggurat: Depths:2

Annotations:
D:5 exclusion: downstairs
D:8 exclusion: oklob plant
D:13 exclusion: downstairs
Crypt:1 1 exclusion
Depths:1 exclusion: moth of wrath


Innate Abilities, Weirdness & Mutations

You are a creature with a mouth for a stomach.
Your midsection houses a second, enormous mouth.
Your life essence is reduced to manifest your ancestor. (-10% HP)
You cannot wear most types of armour.
You are amphibious.
You can wear up to eight rings at the same time.
Your skin changes colour to match your surroundings (Stealth+).
Your rubbery body absorbs attacks. (AC +1, EV +1)
((You are camouflaged when in or above water. (Stealth+)))
You have tentacles for arms and can constrict up to eight enemies at once.
Your system is resistant to poisons. (rPois)
Your spells are a little harder to cast, but a little more powerful.


Message History

The Shining One smites you! The daeva blocks your attack.
You bite the daeva. You constrict the daeva.
Milos points at the daeva and mumbles some strange words.
The bolt of magma hits the daeva!!!
The daeva struggles to escape constriction.
Casting: Summon Cactus Giant (dangerous; 8% risk of failure)
You constrict the daeva.
The daeva calls down the wrath of the Shining One upon Milos.
Milos is smitten.
The daeva blocks your attack. x2; You constrict the daeva.
The daeva blocks Milos's attack.
The daeva blocks your attack.
You squeeze the daeva, but do no damage.
You bite the daeva! You constrict the daeva!
The daeva calls down the wrath of the Shining One upon you.
The Shining One smites you!
The daeva blocks your cactus giant's attack.
The daeva blocks your attack.
You bite the daeva!
You kill the daeva!
Things that are here:
a +2 long sword of holy wrath; a +0 tower shield
There is a stone staircase leading up here.
You climb upwards.
Your summoned ally is left behind.
There is a stone staircase leading down here.
What level of the Dungeon? (default 1, ? - help) Magic restored.
There is an open door here.
There is a stone staircase leading up here.
You climb upwards.
There is a stone staircase leading down here.
Things that are here:
a +0 robe; a +0 dagger
There is a stone staircase leading up here.
You climb upwards.
There is a stone staircase leading down here.
There is a large open door here.
There is a large open door here.
There is a large open door here.
There is a staircase leading out of the dungeon here.
You have escaped!

#.###
#..........###.###......###
#.#
#...........##...R>........
#.#
#............#####.##...###
#.#
#....####.#.....#R.###.###
#.# ##..#######..##...##
#...# #.#
#.R##....###......## ###.##
#.#
#.###.≈≈.###.......#####...
#.#
#.'.'.≈≈.'.#..........####.
#.# #.'.'.≈≈.RW#.......##.#
#. ..#
#####.§≈.###..∩....##.####.
.## #....##........##...##.
## #######........####....
#........# ####. #........#
#. #........# #. ##########
#. #.


You could see the friendly Milos the battlemage.

Vanquished Creatures
  5 orbs of fire (Zot:5)
  An ancient lich (Vaults:5)
  A juggernaut (Depths:3)
  Sojobo (Depths:2)
  Bai Suzhen (Depths:1)
  5 Killer Klowns (Zot:5)
  Margery (Vaults:3)
  4 golden dragons
  A curse toe (Zot:5)
  Nikola (Vaults:1)
  Norris (Depths:2)
  Arachne (Spider:2)
  2 electric golems
  Jorgrun (Orc:1)
  7 tentacled monstrosities
  11 Orb Guardians (Zot:5)
  A titan (Vaults:5)
  5 liches
  3 deep elf blademasters
  2 quicksilver dragons
  8 sphinxes
  2 deep elf master archers (Elf:3)
  3 death cobs
  Asterion (Vaults:1)
  An Executioner (Depths:2)
  An ancient champion (Crypt:2)
  The ghost of TheViccler the Tortoise, an adept MiFi of Makhleb (Shoals:2)
  Agnes (Vaults:1)
  6 shadow dragons
  9 tengu reavers
  A revenant (Crypt:1)
  2 draconian monks
  A daeva (D:4)
  3 frost giants
  2 draconian knights
  5 deep elf sorcerers
  9 fire giants
  2 draconian shifters (Zot:2)
  13 vault wardens
  An emperor scorpion (Spider:4)
  A draconian stormcaller (Zot:2)
  An iron dragon (Depths:3)
  Louise (Elf:2)
  A caustic shrike zombie (Depths:1)
  2 deep elf elementalists (Elf:3)
  3 ghost moths
  6 ghouls
  An angel (Shoals:4)
  A draconian annihilator (Zot:2)
  A spriggan defender (Depths:3)
  11 very ugly things
  13 ironbound preservers
  An orc warlord (Orc:1)
  A war gargoyle (Vaults:5)
  3 formless jellyfish (Vaults:4)
  11 stone giants
  A reaper (Depths:1)
  5 vampire knights
  5 ironbound thunderhulks
  2 broodmothers
  3 green draconians
  3 deep elf demonologists
  6 deep elf death magi
  2 black draconians (Depths:4)
  6 purple draconians
  3 yellow draconians
  2 red draconians (Zot:2)
  4 spark wasps
  12 deep elf annihilators
  9 dire elephants
  2 white draconians (Zot:2)
  The ghost of Pihasti the Covert, a journeyman DsDe of Cheibriados (Lair:3)
  3 merfolk javelineers
  3 eidola
  8 ettins
  10 merfolk impalers
  8 yaktaur captains
  4 entropy weavers
  6 fire dragons
  3 deep elf high priests
  3 jiangshi
  2 peacekeepers
  20 vault guards
  3 rakshasas
  10 ice dragons
  4 hydras
  A merfolk avatar (Shoals:1)
  An alligator snapping turtle (Shoals:4)
  A caustic shrike simulacrum (IceCv)
  3 great orbs of eyes
  11 ironbound frosthearts
  2 ogre magi (Vaults:5)
  5 merfolk aquamancers
  4 radroaches (Spider:3)
  4 boulder beetles
  24 dancing weapons
  2 jorogumos
  7 centaur warriors
  2 death yaks
  9 two-headed ogres
  9 tengu warriors
  5 deep troll shamans (Depths:3)
  6 deep troll earth magi
  5 demonic crawlers
  2 orc high priests (Orc:2)
  An occultist (Depths:1)
  4 spectral storm dragons (Crypt:1)
  A titan zombie (Crypt:2)
  A sun demon (Lair:5)
  A vampire mage (Crypt:1)
  A soul eater (Crypt:1)
  3 spriggan berserkers
  10 hell knights
  3 sixfirhies
  A death drake (shapeshifter) (Vaults:5)
  3 pharaoh ants
  6 deep elf knights (Elf:2)
  6 skysharks
  4 iron trolls
  A deep troll (shapeshifter) (Vaults:5)
  7 skeletal warriors
  2 sun moths
  33 deep trolls
  2 spriggan simulacra
  4 orb spiders
  3 cherubim (Shoals:4)
  2 glowing orange brains
  3 bog bodies
  7 sea snakes
  A flayed ghost (Crypt:1)
  2 obsidian statues
  7 deep elf archers
  2 glowing orange brains (shapeshifter) (Vaults:5)
  14 lindwurms
  12 phantasmal warriors
  7 necromancers
  4 steelbarb worms
  13 ironbound convokers
  5 arcanists
  Pikel (D:6)
  20 wolf spiders
  17 deep elf zephyrmancers
  4 orc knights
  17 harpies
  19 ugly things
  10 cyclopes
  31 deep elf pyromancers
  A faun (shapeshifter) (Depths:3)
  A spectral fire dragon (Crypt:1)
  A mana viper (shapeshifter) (Vaults:5)
  13 manticores
  A spectral ice dragon (Crypt:1)
  4 fauns
  A human zombie (Vaults:3)
  4 merfolk sirens
  8 elephants
  11 moths of wrath
  2 black mambas (Lair:5)
  3 kobold blastminers (Orc:2)
  Joseph (D:10)
  12 vault sentinels
  5 water nymphs
  A water nymph (shapeshifter) (Depths:3)
  2 gargoyles
  10 cane toads
  2 orange demons (Lair:5)
  2 guardian serpents
  3 torpor snails
  A dire elephant skeleton (Crypt:2)
  2 smoke demons
  A yellow draconian zombie (Crypt:2)
  A grey draconian zombie (Crypt:1)
  An unseen horror (D:10)
  An unseen horror zombie (D:8)
  A rime drake (shapeshifter) (D:15)
  5 rime drakes
  24 yaktaurs
  An anaconda simulacrum (IceCv)
  A tormentor (Depths:2)
  7 komodo dragons
  3 ice devils
  15 freezing wraiths
  A golden dragon simulacrum (Depths:1)
  A catoblepas skeleton (Crypt:1)
  A minotaur skeleton (Crypt:3)
  8 tengu conjurers
  3 trolls
  2 red devils (Lair:5)
  7 polar bears
  23 tarantellas
  A meliai (Spider:3)
  13 merfolk
  A polar bear (shapeshifter) (D:15)
  20 blink frogs
  A tengu simulacrum (Depths:2)
  A hornet (Lair:1)
  A stone giant simulacrum (Depths:1)
  A spriggan zombie (Depths:1)
  4 wind drakes
  2 alligator simulacra (IceCv)
  11 dream sheep
  4 snapping turtles
  2 human skeletons (Vaults:3)
  A raiju (shapeshifter) (D:15)
  A glass eye (Depths:1)
  A centaur simulacrum (D:14)
  3 fire giant simulacra
  A slime creature (shapeshifter) (Depths:3)
  8 flying skulls
  17 jumping spiders
  Sigmund (D:2)
  A jumping spider (shapeshifter) (Vaults:5)
  An ettin skeleton (Vaults:3)
  An ice dragon skeleton (Crypt:2)
  An air elemental (Elf:3)
  19 culicivoras
  35 yaks
  24 slime creatures
  16 water elementals
  A shadow (D:9)
  Grum (D:9)
  A fire bat (shapeshifter) (D:14)
  4 dire elephant simulacra (IceCv)
  7 wraiths
  A vampire (D:10)
  3 wyverns
  3 steam dragons
  A fire elemental (Elf:3)
  A human (D:14)
  6 wargs
  A golden eye (shapeshifter) (Vaults:5)
  57 redbacks
  Menkaure (D:6)
  2 minotaur simulacra (IceCv)
  An acid dragon (D:12)
  2 harpy simulacra (IceCv)
  9 water moccasins
  3 hell hounds (Lair:5)
  3 glowing shapeshifter skeletons (Vaults:3)
  9 black bears
  37 orc warriors
  2 ice beasts
  4 sky beasts
  2 ettin simulacra (IceCv)
  12 ogres
  A blink frog zombie (Crypt:2)
  A dream sheep zombie (Crypt:2)
  5 centaurs
  9 wolves
  A swamp dragon skeleton (Crypt:1)
  A lemure (D:5)
  5 kobold brigands
  A phantom (D:6)
  A gnoll sergeant (D:9)
  17 bullfrogs
  A vine stalker zombie (Crypt:3)
  2 necrophages (Crypt:1)
  An earth elemental (Elf:2)
  3 deep troll simulacra (D:15)
  2 elf skeletons
  4 scorpions
  A salamander skeleton (Crypt:1)
  9 wights
  A lindwurm simulacrum (IceCv)
  A troll skeleton (Crypt:2)
  5 electric eels
  A howler monkey (D:6)
  4 jellies
  3 hounds
  A gnoll bouda (D:5)
  25 orc priests
  2 iguanas
  Jessica (D:2)
  17 orc wizards
  2 hell rats (D:11)
  An acid dragon zombie (Crypt:2)
  A deep dwarf skeleton (Crypt:2)
  7 adders
  10 gnolls
  A river rat (Lair:1)
  A swamp drake zombie (Crypt:2)
  5 white imps
  A bombardier beetle (D:5)
  A worm (D:3)
  4 dart slugs
  59 orcs
  5 ball pythons
  8 bats
  5 endoplasms
  3 giant cockroaches
  2 goblins (D:3)
  5 hobgoblins
  6 jackals
  7 quokkas
  5 frilled lizards
  18 kobolds
  6 rats
  A butterfly (Lair:5)
1591 creatures vanquished.

Vanquished Creatures (collateral kills)
  Frederick (Vaults:1)
  A dread lich (Vaults:5)
  An ancient lich (Zot:5)
  3 orbs of fire (Zot:5)
  Josephina (Depths:2)
  A Killer Klown (Zot:2)
  Saint Roka (Orc:2)
  6 golden dragons
  An electric golem (Zot:5)
  A lich (IceCv)
  2 tentacled monstrosities
  3 titans (Vaults:5)
  A searing wretch (Vaults:3)
  15 Orb Guardians
  A sphinx (Vaults:1)
  An Executioner (Zot:4)
  3 ancient champions
  A shadow dragon (Vaults:5)
  4 tengu reavers
  5 storm dragons
  4 draconian monks
  A draconian knight (Zot:3)
  2 protean progenitors (Zot:1)
  5 fire giants
  A draconian scorcher (Zot:1)
  3 deep elf sorcerers (Elf:3)
  2 ghost moths
  A deep elf elementalist (Elf:3)
  2 frost giants (Vaults:5)
  2 emperor scorpions
  A draconian shifter (Zot:1)
  A curse skull (Crypt:2)
  6 vault wardens
  A cacodemon (Zot:2)
  3 draconian stormcallers
  2 ghouls (Crypt:1)
  2 formless jellyfish
  3 stone giants
  2 draconian annihilators
  3 ironbound preservers
  3 spriggan defenders
  A war gargoyle (Vaults:5)
  2 ironbound thunderhulks
  2 vampire knights
  4 very ugly things
  A broodmother (Spider:3)
  A spark wasp (Spider:4)
  A dire elephant (Vaults:4)
  2 deep elf demonologists (Elf:3)
  5 black draconians
  A purple draconian (Zot:5)
  A deep elf annihilator (Vaults:5)
  3 yellow draconians (Zot:2)
  3 white draconians
  3 ettins
  3 eidola
  2 entropy weavers
  3 merfolk javelineers (Shoals:4)
  A fire dragon (Depths:1)
  5 merfolk impalers (Shoals:4)
  A deep elf high priest (Vaults:5)
  5 yaktaur captains
  A jiangshi (Crypt:1)
  2 ice dragons
  A peacekeeper (Vaults:2)
  18 vault guards
  2 great orbs of eyes
  2 hydras
  3 rakshasas
  A jorogumo (Spider:1)
  Erolcha (D:11)
  An ogre mage (D:15)
  4 ironbound frosthearts
  2 catoblepae (Lair:3)
  4 centaur warriors
  A two-headed ogre (D:15)
  A spriggan air mage (Depths:1)
  2 radroaches (Spider:4)
  11 boulder beetles
  A satyr (Shoals:3)
  An alligator snapping turtle (Shoals:4)
  2 merfolk avatars
  3 dancing weapons
  2 deep troll earth magi
  4 vampire magi
  A merfolk aquamancer (Shoals:4)
  3 death knights
  3 deep troll shamans
  3 demonic crawlers
  2 death yaks
  6 hell knights
  4 deep elf knights
  A soul eater (Crypt:2)
  Sonja (Lair:1)
  6 skeletal warriors
  4 skysharks
  2 spriggan riders (Depths:3)
  An iron troll (Depths:3)
  A glowing orange brain (Depths:1)
  A storm dragon skeleton (Crypt:1)
  3 flayed ghosts
  3 sea snakes
  12 deep trolls
  2 sun moths (Spider:4)
  5 deep elf archers
  2 orb spiders
  2 bog bodies (IceCv)
  3 arcanists
  9 harpies
  5 phantasmal warriors
  A steelbarb worm (Spider:4)
  8 necromancers
  13 deep elf pyromancers
  2 lindwurms
  5 wolf spiders
  An orc knight (Orc:1)
  9 ironbound convokers
  A spectral fire dragon (Crypt:1)
  6 deep elf zephyrmancers
  4 fauns
  3 cyclopes
  6 ugly things
  7 moths of wrath
  A stone giant zombie (Crypt:2)
  An orc sorcerer (Orc:2)
  Maurice (D:9)
  6 manticores
  A black mamba (Lair:5)
  4 merfolk sirens
  A human skeleton (Vaults:3)
  An ice statue (D:14)
  11 water nymphs
  5 vault sentinels
  A kobold blastminer (Orc:2)
  A gargoyle (D:14)
  2 torpor snails
  5 cane toads
  2 large abominations (Depths:2)
  A rime drake (shapeshifter) (Elf:1)
  4 yaktaurs
  3 anaconda simulacra
  2 rime drakes
  7 freezing wraiths
  A komodo dragon (Lair:5)
  A tengu conjurer (Depths:2)
  2 guardian mummies (Crypt:3)
  11 merfolk
  A golden dragon simulacrum (IceCv)
  2 polar bears
  10 tarantellas
  3 wind drakes (Shoals:3)
  A troll (D:14)
  2 alligator simulacra (IceCv)
  4 meliai (Spider:4)
  A hornet (D:9)
  2 hydra skeletons
  2 fire giant simulacra (Depths:2)
  9 blink frogs
  23 dream sheep
  3 snapping turtles
  An ettin skeleton (Crypt:1)
  11 jumping spiders
  9 flying skulls
  17 slime creatures
  6 culicivoras
  2 wyverns
  A wraith (Crypt:2)
  A fire dragon skeleton (Crypt:1)
  An air elemental (Elf:3)
  11 water elementals
  3 dire elephant simulacra
  2 wargs
  A basilisk (Lair:1)
  12 yaks
  18 redbacks
  2 harpy simulacra (IceCv)
  3 minotaur simulacra
  2 glowing shapeshifter zombies (Vaults:3)
  A hydra simulacrum (IceCv)
  A hell hound (Lair:5)
  4 water moccasins
  8 orc warriors
  A swamp drake (D:9)
  A two-headed ogre skeleton (Crypt:3)
  A sky beast (D:6)
  A black bear (Lair:3)
  A hornet zombie (D:8)
  2 wolves (Lair:1)
  A boggart (Vaults:3)
  2 ogres
  3 centaurs
  A lemure (D:6)
  A bullfrog (Lair:3)
  4 necrophages (Crypt:1)
  2 earth elementals (Elf:1)
  A deep troll simulacrum (D:15)
  2 wights (D:8)
  A warg skeleton (Crypt:1)
  2 howler monkeys
  A lindwurm simulacrum (IceCv)
  A bullfrog skeleton (Crypt:1)
  4 orc priests (Orc:2)
  An iguana (D:6)
  11 orc wizards
  A hound zombie (Crypt:3)
  A tengu skeleton (Crypt:1)
  6 gnolls
  50 orcs
  2 hobgoblins (D:2)
  A quokka (D:11)
  7 kobolds
  A rat (D:11)
743 creatures vanquished.

Vanquished Creatures (others)
  A fire giant (Depths:3)
  A fire dragon (Depths:1)
  A deep troll shaman (Depths:2)
  A vampire mage (Depths:2)
  A deep elf pyromancer (Elf:2)
  A water nymph (Zot:1)
  A glass eye (Depths:1)
  A lemure (D:6)
  59 battlemagi
  4 ancestors
  2 gnolls (D:5)
73 creatures vanquished.

Grand Total: 2407 creatures vanquished

Notes
Turn   | Place    | Note
-------+----------+-------------------------------------------
     0 | D:1      | iamserjio the Octopode Wanderer began the quest for the
                  | Orb.
     0 | D:1      | iamserjio set off with the following items: a +0 dagger, an
                  | atropa-tipped dart, 2 datura-tipped darts, a wand of flame
                  | (4), a scroll of fog; and the following spell memorised:
                  | Freeze; and the following spells available to memorise:
                  | Ozocubu's Armour.
     0 | D:1      | Reached XP level 1. HP: 13/13 MP: 2/2
    71 | D:1      | Reached skill level 2 in Fighting
    71 | D:1      | Reached XP level 2. HP: 19/19 MP: 3/3
   296 | D:1      | Found Caemeu's General Store.
   304 | D:1      | Bought a throwing net for 39 gold pieces
   449 | D:2      | Reached XP level 3. HP: 25/25 MP: 4/4
   470 | D:2      | Learned a level 3 spell: Ozocubu's Armour
   619 | D:2      | Reached skill level 3 in Fighting
   632 | D:2      | Reached skill level 1 in Dodging
   632 | D:2      | Reached XP level 4. HP: 25/31 MP: 2/5
   880 | D:2      | Noticed Jessica
   885 | D:2      | Killed Jessica
   886 | D:2      | Reached XP level 5. HP: 37/37 MP: 7/7
  1013 | D:2      | Reached skill level 4 in Fighting
  1048 | D:2      | Noticed Sigmund
  1227 | D:1      | Bought a scroll of identify for 26 gold pieces
  1897 | D:3      | Reached XP level 6. HP: 17/44 MP: 9/9
  2241 | D:5      | Entered Level 5 of the Dungeon
  2250 | D:5      | Noticed a black bear
  3005 | D:5      | Noticed a water moccasin
  3032 | D:6      | Noticed a steam dragon
  3053 | D:6      | Killed a steam dragon
  3054 | D:6      | Reached skill level 5 in Fighting
  3054 | D:6      | Reached XP level 7. HP: 29/50 MP: 10/10
  3185 | D:6      | Learned a level 2 spell: Scorch
  3198 | D:6      | Noticed Menkaure
  3203 | D:6      | Killed Menkaure
  3204 | D:6      | Reached skill level 6 in Fighting
  3358 | D:6      | Found a white marble altar of Elyvilon.
  3358 | D:6      | Found an ancient bone altar of Kikubaaqudgha.
  3377 | D:6      | Became a worshipper of Elyvilon the Healer
  4209 | D:6      | Noticed Pikel
  4239 | D:7      | Reached skill level 7 in Fighting
  4239 | D:7      | Reached XP level 8. HP: 49/60 MP: 5/11
  4273 | D:7      | Found Vilinub's Assorted Antiques.
  4279 | D:7      | Found a burning altar of Makhleb.
  4281 | D:7      | Bought a metallic blue potion for 19 gold pieces
  4281 | D:7      | Bought an inky potion for 19 gold pieces
  4281 | D:7      | Bought a scroll labelled RALIREHOU for 22 gold pieces
  4281 | D:7      | Bought a scroll labelled JEPREM CUFYO for 22 gold pieces
  4286 | D:7      | Identified the +5 robe of Generosity {rElec Int-2 SInv
                  | Stlth-}
  4333 | D:7      | Reached * piety under Elyvilon
  4359 | D:7      | Found a staircase to the Ecumenical Temple.
  4368 | Temple   | Entered the Ecumenical Temple
  4379 | Temple   | Fell from the grace of Elyvilon
  4379 | Temple   | Became a worshipper of Hepliaklqana the Forgotten
  4615 | D:2      | Killed Sigmund
  4807 | D:2      | You fall into a shaft and drop 1 floor!
  5190 | D:3      | Reached skill level 1 in Long Blades
  5211 | D:3      | Found an opulent altar of Gozag.
  5350 | D:3      | Found a glowing silver altar of Zin.
  5871 | D:5      | Reached skill level 5 in Dodging
  6486 | D:7      | Reached skill level 8 in Fighting
  6599 | D:7      | Reached XP level 9. HP: 58/66 MP: 12/12
  7243 | D:7      | Reached skill level 5 in Long Blades
  7342 | D:7      | Reached * piety under Hepliaklqana
  7468 | D:7      | Found a stormy altar of Qazlal.
  8121 | D:6      | Found a hide-covered altar of Uskayaw.
  8222 | D:6      | Killed Pikel
  8454 | D:6      | Reached XP level 10. HP: 64/64 MP: 13/13
  9074 | D:7      | Bought a heavily runed steel amulet for 110 gold pieces
  9074 | D:7      | Identified the amulet of Iddovun {Faith Dex+3} (You bought
                  | it in a shop on level 7 of the Dungeon)
  9074 | D:7      | Bought a potion of curing for 66 gold pieces
  9187 | D:8      | Learned a level 3 spell: Call Canine Familiar
  9349 | D:8      | Noticed a two-headed ogre
  9389 | D:8      | Killed a two-headed ogre
  9390 | D:8      | Reached skill level 1 in Summonings
  9434 | D:8      | Acquired the +6 double sword of Xawahu {freeze, *Slow rF++}
  9440 | D:8      | Found a shadowy altar of Dithmenos.
  9499 | D:8      | Found a glowing golden altar of the Shining One.
  9574 | D:8      | Noticed a two-headed ogre
  9642 | D:8      | Killed a two-headed ogre
  9776 | D:8      | Found a blossoming altar of Fedhas.
  9795 | D:8      | Noticed an oklob plant
  9937 | D:8      | Found a basalt altar of Yredelemnul.
 10060 | D:8      | Learned a level 3 spell: Swiftness
 10203 | D:9      | Reached XP level 11. HP: 68/69 MP: 15/15
 10225 | D:9      | Found an ornate altar of the Wu Jian Council.
 10370 | D:9      | Reached skill level 5 in Shields
 10407 | D:9      | Found a shimmering altar of Xom.
 10620 | D:9      | Noticed Grum
 10718 | D:9      | Killed Grum
 10894 | D:9      | Found an iron altar of Okawaru.
 10898 | D:9      | Learned a level 2 spell: Lesser Beckoning
 10899 | D:9      | Reached ** piety under Hepliaklqana
 10900 | D:9      | Remembered your ancestor Milos as a battlemage
 10970 | D:9      | Noticed Maurice
 11024 | D:9      | Killed Maurice
 11047 | D:9      | Found a staircase to the Orcish Mines.
 11266 | D:10     | Entered Level 10 of the Dungeon
 11466 | D:10     | Found a snail-covered altar of Cheibriados.
 11514 | D:10     | Found a sacrificial altar of Ru.
 12149 | D:10     | Noticed Joseph
 12167 | D:10     | Killed Joseph
 12168 | D:10     | Reached skill level 10 in Long Blades
 12510 | D:11     | Noticed a death yak
 12512 | D:11     | Noticed a death yak
 12512 | D:11     | Noticed a death yak
 12518 | D:11     | Found a staircase to the Lair.
 12522 | Lair:1   | Entered Level 1 of the Lair of Beasts
 12585 | Lair:1   | Reached skill level 1 in Invocations
 12585 | Lair:1   | Reached XP level 12. HP: 40/73 MP: 11/16
 13176 | Lair:1   | Reached skill level 10 in Dodging
 13431 | Lair:1   | Reached *** piety under Hepliaklqana
 13460 | Lair:1   | Noticed Sonja
 13471 | Lair:1   | Killed Sonja
 13472 | Lair:1   | Reached skill level 9 in Fighting
 13960 | Lair:2   | Found a staircase to the Shoals.
 14006 | Lair:2   | Noticed a skyshark
 14016 | Lair:2   | Killed a skyshark
 14536 | Lair:2   | Reached XP level 13. HP: 77/81 MP: 17/17
 15002 | Lair:3   | Found a runed translucent door.
 15111 | Lair:3   | Noticed Pihasti's ghost (journeyman DsDe)
 15239 | Lair:3   | Found a hole to the Spider Nest.
 15428 | Lair:3   | Reached skill level 10 in Fighting
 15704 | Lair:3   | Reached skill level 5 in Invocations
 15786 | Lair:3   | Reached skill level 5 in Evocations
 16570 | Lair:4   | Reached **** piety under Hepliaklqana
 16891 | Lair:4   | Reached skill level 11 in Fighting
 17011 | Lair:4   | Found a viscous altar of Jiyva.
 17024 | Lair:4   | Found a staircase to the Slime Pits.
 17532 | Lair:4   | Reached XP level 14. HP: 90/90 MP: 18/18
 17613 | Lair:5   | Entered Level 5 of the Lair of Beasts
 18303 | Lair:5   | Reached skill level 12 in Fighting
 18556 | Lair:5   | Reached skill level 5 in Summonings
 18999 | Lair:5   | Noticed a dire elephant
 19006 | Lair:5   | Killed a dire elephant
 19259 | Lair:5   | Found a burning altar of Makhleb.
 20070 | Lair:5   | Found a gateway to Hell.
 20587 | D:11     | Noticed Erolcha
 20597 | D:11     | Killed Erolcha
 20678 | D:11     | Found Qivveata's Assorted Antiques.
 20681 | D:11     | Bought a scroll of teleportation for 72 gold pieces
 20681 | D:11     | Bought 2 pink potions for 43 gold pieces
 20681 | D:11     | Bought a wand of paralysis (4) for 230 gold pieces
 20681 | D:11     | Bought a viscous grey potion for 21 gold pieces
 20681 | D:11     | Bought a potion of curing for 72 gold pieces
 21071 | D:12     | Reached ***** piety under Hepliaklqana
 21144 | D:12     | Reached skill level 13 in Fighting
 21639 | D:12     | Reached XP level 15. HP: 49/99 MP: 21/21
 22284 | D:12     | Learned a level 4 spell: Summon Ice Beast
 22443 | D:13     | Reached skill level 15 in Long Blades
 23719 | D:14     | Reached skill level 14 in Fighting
 23942 | D:14     | Found a gate to the Vaults.
 24479 | D:15     | Entered Level 15 of the Dungeon
 24593 | D:15     | Found a frozen archway.
 24780 | IceCv    | Entered an ice cave
 25430 | IceCv    | Found an ancient bone altar of Kikubaaqudgha.
 25807 | IceCv    | Reached skill level 15 in Fighting
 25843 | IceCv    | Reached XP level 16. HP: 109/109 MP: 17/22
 26255 | IceCv    | Noticed a lich
 26260 | IceCv    | Killed a lich
 26639 | D:15     | Found a staircase to the Depths.
 27361 | D:15     | Reached skill level 16 in Fighting
 27912 | Lair:3   | Killed Pihasti's ghost
 28093 | D:7      | Bought a phial of floods for 880 gold pieces
 28093 | D:7      | Bought a lumpy bone amulet for 110 gold pieces
 28209 | Orc:1    | Entered Level 1 of the Orcish Mines
 28209 | Orc:1    | Found Xuosell's Armour Boutique.
 28443 | Orc:2    | Entered Level 2 of the Orcish Mines
 28726 | Orc:2    | Found Ype Biu's Weapon Boutique.
 28817 | Orc:2    | Found Dinlu's Magic Scroll Shop.
 28823 | Orc:2    | Bought a scroll of teleportation for 51 gold pieces
 28823 | Orc:2    | Bought a scroll of enchant armour for 127 gold pieces
 28823 | Orc:2    | Bought a scroll of teleportation for 51 gold pieces
 28823 | Orc:2    | Bought a scroll of identify for 34 gold pieces
 28823 | Orc:2    | Bought a scroll of identify for 34 gold pieces
 28823 | Orc:2    | Bought a scroll of identify for 34 gold pieces
 29002 | Orc:2    | Reached ****** piety under Hepliaklqana
 29011 | Orc:2    | Found a staircase to the Elven Halls.
 29301 | Orc:2    | Found Vana Dacw's Jewellery Emporium.
 29689 | Orc:2    | Noticed Saint Roka
 30098 | Orc:2    | Reached skill level 17 in Fighting
 30424 | Orc:2    | Killed Saint Roka
 30517 | Orc:2    | Found Rysaut's Antique Armour Emporium.
 30518 | Orc:2    | Found Aleepro's Antique Weapon Shoppe.
 30578 | Orc:1    | Noticed Jorgrun
 30592 | Orc:1    | Killed Jorgrun
 30961 | Orc:2    | Bought the amulet "Anut" {rC+ Will+ Regen+ Int+3} for 838
                  | gold pieces
 30981 | Orc:2    | Learned a level 6 spell: Summon Cactus Giant
 31054 | Elf:1    | Entered Level 1 of the Elven Halls
 31267 | Elf:1    | Reached XP level 17. HP: 77/119 MP: 23/23
 31406 | Elf:1    | Reached skill level 1 in Shapeshifting
 32279 | Elf:1    | Found Mastres's Tremendous Tomes.
 32848 | Elf:2    | Noticed Louise
 32855 | Elf:2    | Killed Louise
 32856 | Elf:2    | Reached skill level 18 in Fighting
 32919 | Elf:2    | Found For Feb's Book Emporium.
 33103 | Elf:2    | Found a runed translucent gate.
 33103 | Elf:2    | Found a runed translucent gate.
 33103 | Elf:2    | Found a runed translucent gate.
 34034 | Elf:3    | Entered Level 3 of the Elven Halls
 34097 | Elf:3    | Paralysed by an air elemental for 1 turns
 34450 | Elf:3    | Found Ymom's Book Emporium.
 34522 | Elf:3    | Reached skill level 5 in Spellcasting
 36651 | Elf:3    | Reached XP level 18. HP: 127/127 MP: 23/25
 36997 | Elf:3    | Noticed a deep elf master archer
 37022 | Elf:3    | Identified the ring "Kazohiarch" {^Contam rPois rF++ Int+7}
 37022 | Elf:3    | Noticed a deep elf master archer
 37038 | Elf:3    | Killed a deep elf master archer
 37044 | Elf:3    | Killed a deep elf master archer
 37207 | Elf:3    | Identified the +0 robe of Cuiwyw {+Inv rC- rN+ Dex+6}
 37714 | Elf:3    | Identified the +4 glaive of Resourcefulness {drain,
                  | ^Fragile rElec Str+5 Int+2}
 37722 | Elf:3    | Identified the +4 scale mail of the Saviour {Rampage ^Drain
                  | Str+5}
 37722 | Elf:3    | Noticed a deep elf blademaster
 37724 | Elf:3    | Reached skill level 15 in Dodging
 37728 | Elf:3    | Killed a deep elf blademaster
 37882 | Elf:3    | Reached skill level 5 in Shapeshifting
 37896 | Elf:3    | Noticed a deep elf blademaster
 37912 | Elf:3    | Killed a deep elf blademaster
 38004 | Elf:3    | Identified the +7 long sword "Empiwnili" {chaos, Int+2}
 38004 | Elf:3    | Identified the ring of Mistrust {rElec rPois Will- rCorr
                  | Int+3}
 38818 | Elf:3    | Reached skill level 19 in Fighting
 38852 | Elf:3    | Identified the dragon-blood talisman "Jehod" {rElec rCorr
                  | Dex+3 Slay+5}
 38861 | Elf:3    | Identified the +3 shortbow of Woducusi {flame, Str+3
                  | Stlth+}
 38873 | Elf:3    | Identified the +7 orcbow of Boips {freeze, rN+ Dex-5
                  | Stlth+}
 38879 | Elf:3    | Identified the staff of Vuwk {rN+ Dex+6 Necro}
 38909 | Elf:3    | Got the Compendium of Tropical Chemistry
 38976 | Elf:3    | Learned a level 2 spell: Passwall
 39162 | Orc:2    | Bought a +6 ring of dexterity for 540 gold pieces
 39441 | Spider:1 | Entered Level 1 of the Spider Nest
 39473 | Spider:1 | Reached skill level 1 in Translocations
 41008 | Spider:2 | Reached skill level 5 in Translocations
 41267 | Spider:2 | Noticed Arachne
 41284 | Spider:2 | Killed Arachne
 42266 | Spider:3 | Reached XP level 19. HP: 103/134 MP: 26/26
 42517 | Spider:3 | Got Deaxoere's Enchiridion on the Charmed Rocks
 43047 | Spider:4 | Entered Level 4 of the Spider Nest
 43257 | Spider:4 | Reached skill level 10 in Shapeshifting
 44581 | Spider:4 | Got a gossamer rune of Zot
 44997 | Shoals:1 | Entered Level 1 of the Shoals
 45097 | Shoals:1 | Reached skill level 20 in Fighting
 45136 | Shoals:1 | Found a flickering gateway to a bazaar.
 45189 | Bazaar   | Entered a bazaar
 45189 | Bazaar   | Found Gedaykk's Book Shoppe.
 45189 | Bazaar   | Found Jifust's Assorted Antiques.
 45189 | Bazaar   | Found Disa's Antique Armour Shop.
 45191 | Bazaar   | Found Facvul's Assorted Antiques.
 45240 | Bazaar   | Bought a scroll of blinking for 180 gold pieces
 45642 | D:11     | Bought a maw talisman for 720 gold pieces
 46165 | Shoals:2 | Reached XP level 20. HP: 129/144 MP: 27/27
 46192 | Shoals:2 | Found a runed translucent gate.
 46193 | Shoals:2 | Found a runed translucent gate.
 46193 | Shoals:2 | Found a runed translucent gate.
 46193 | Shoals:2 | Noticed TheViccler's ghost (adept MiFi)
 46507 | Shoals:2 | Killed TheViccler's ghost
 47302 | Shoals:4 | Entered Level 4 of the Shoals
 47358 | Shoals:4 | Reached skill level 1 in Alchemy
 47361 | Shoals:4 | Reached skill level 1 in Earth Magic
 47420 | Shoals:4 | Reached skill level 21 in Fighting
 47549 | Shoals:4 | Identified the ring of Guiq {rElec rC+ Will+ Str+3}
 47668 | Shoals:4 | Found a glowing golden altar of the Shining One.
 47908 | Shoals:4 | Got a barnacled rune of Zot
 47911 | Shoals:4 | Got the Grimoire of Places and the Blaze
 48051 | Shoals:4 | Found a glowing silver altar of Zin.
 48146 | Shoals:4 | Identified the +6 trident of the Pure Wishes {venom, Int+3
                  | Stlth+}
 48160 | Shoals:4 | Identified the +1 great sword of Duty {flame, *Slow rPois
                  | Dex+2}
 48300 | Shoals:4 | Identified the +1 ring mail "Akopueps" {rF+ rC- rN+++}
 48971 | Elf:2    | Reached XP level 21. HP: 150/150 MP: 28/28
 49452 | D:7      | Bought 3 scrolls of fog for 264 gold pieces
 49626 | Vaults:1 | Entered Level 1 of the Vaults
 49672 | Vaults:1 | Noticed Asterion
 49674 | Vaults:1 | Killed Asterion
 49853 | Vaults:1 | Noticed Nikola
 49861 | Vaults:1 | Killed Nikola
 50159 | Vaults:1 | Reached skill level 5 in Alchemy
 50182 | Vaults:1 | Noticed Agnes
 50184 | Vaults:1 | Noticed Frederick
 50189 | Vaults:1 | Killed Agnes
 50686 | Vaults:1 | Killed Frederick
 50687 | Vaults:1 | Reached skill level 5 in Earth Magic
 51023 | Vaults:2 | Reached skill level 10 in Invocations
 51249 | Vaults:2 | Found a staircase to the Crypt.
 52258 | Vaults:3 | Identified the +4 arbalest "Pihogej" {penet, Dex+3}
 52262 | Vaults:3 | Identified the +9 arbalest of Exoneration {heavy, Stlth+}
 52306 | Vaults:3 | Reached XP level 22. HP: 132/156 MP: 30/30
 52354 | Vaults:3 | Noticed Margery
 52447 | Vaults:3 | Killed Margery
 52450 | Vaults:3 | Killed the ghostly Margery
 52993 | Vaults:3 | Found Ketob's Weapon Shop.
 53225 | Vaults:3 | Reached skill level 22 in Fighting
 53442 | Vaults:4 | Reached skill level 10 in Evocations
 53964 | Vaults:4 | Identified the +8 trident "Ras Tireg" {protect, rF+ rCorr}
 54420 | Vaults:4 | Identified the +7 flail "Pendulum" {freeze, rN+ Will+
                  | Dex+3}
 54604 | Depths:1 | Entered Level 1 of the Depths
 54738 | Depths:1 | Found a bloodstained altar of Trog.
 54760 | Depths:1 | Reached XP level 23. HP: 164/164 MP: 32/32
 54849 | Depths:1 | Found a one-way gate leading to the halls of Pandemonium.
 54981 | Depths:1 | Identified the ring of Surprise {rF- rN+ Will++ rCorr
                  | Str+6}
 55082 | Depths:1 | Identified the +8 spear "Foygi Lopsi" {pain, Fly Dex+2}
 55086 | Depths:1 | Identified the +7 dagger of Disgust {heavy, Fly}
 55094 | Depths:1 | Identified the staff of Disharmony {^Fragile rElec rN+ Ice
                  | Air}
 55114 | Depths:1 | Got the Compilation of the Impact
 55213 | Depths:1 | Noticed Bai Suzhen
 55264 | Depths:1 | Killed Bai Suzhen
 55904 | Depths:2 | Noticed Sojobo
 55908 | Depths:2 | Reached skill level 23 in Fighting
 55912 | Depths:2 | Killed Sojobo
 56196 | Depths:2 | Identified the ring "Lerch" {Ice +Blink}
 56196 | Depths:2 | Noticed Josephina
 56204 | Depths:2 | Killed Josephina
 56298 | Depths:2 | Found Syeghem's Jewellery Shop.
 56301 | Depths:2 | Bought a +5 ring of evasion for 432 gold pieces
 56305 | Depths:2 | Bought a +5 ring of evasion for 432 gold pieces
 56630 | Depths:2 | Found a one-way gateway to a ziggurat.
 56944 | Depths:2 | Found the +6 Majin-Bo {spellvamp, MP+6 Int+6}
 57442 | Depths:3 | Noticed Norris
 57543 | Depths:2 | Killed Norris
 57867 | Depths:3 | Found an opulent altar of Gozag.
 57979 | Depths:3 | Found a one-way gate to the infinite horrors of the Abyss.
 57993 | Depths:3 | Found Poruepn's General Store.
 57998 | Depths:3 | Bought a wand of iceblast (2) for 115 gold pieces
 57998 | Depths:3 | Bought a potion of heal wounds for 120 gold pieces
 58126 | Depths:3 | Noticed a juggernaut
 58138 | Depths:3 | Killed a juggernaut
 58139 | Depths:3 | Reached skill level 10 in Shields
 58139 | Depths:3 | Reached XP level 24. HP: 172/172 MP: 32/32
 58588 | Depths:3 | Learned a level 1 spell: Apportation
 58589 | Depths:4 | Entered Level 4 of the Depths
 58650 | Depths:3 | Reached skill level 1 in Air Magic
 59085 | Depths:4 | Found Fefis's Distillery.
 59088 | Depths:4 | Bought a potion of might for 52 gold pieces
 59088 | Depths:4 | Bought a potion of curing for 39 gold pieces
 59186 | Depths:4 | Found a radiant altar of Vehumet.
 59361 | Depths:4 | Found a gate to the Realm of Zot.
 59506 | Depths:4 | Found the +3 pair of seven-league boots {Rampage+∞}
 60428 | Elf:3    | Learned a level 5 spell: Summon Forest
 61104 | Crypt:1  | Entered Level 1 of the Crypt
 61195 | Crypt:1  | Identified the +3 kite shield "Kyisoj" {Regen+ Dex+3}
 62202 | Crypt:2  | Reached XP level 25. HP: 173/178 MP: 32/32
 62874 | Crypt:3  | Entered Level 3 of the Crypt
 63175 | Vaults:5 | Entered Level 5 of the Vaults
 63380 | Vaults:5 | Noticed an ancient lich
 63405 | Vaults:5 | Killed an ancient lich
 63558 | Vaults:5 | Got a silver rune of Zot
 63752 | Vaults:5 | Identified the +2 scale mail of Salvation {Will+++}
 63771 | Vaults:5 | Noticed a dread lich
 63775 | Vaults:5 | Killed a dread lich
 63785 | Vaults:5 | Reached skill level 10 in Stealth
 63894 | Vaults:5 | Reached skill level 10 in Translocations
 64544 | Elf:1    | Bought Inunuywn's Information on Chrysopoeia and the Jaunt
                  | for 1040 gold pieces
 64547 | Elf:1    | Learned a level 2 spell: Blink
 65106 | Vaults:5 | Reached skill level 10 in Summonings
 65240 | Vaults:5 | Reached XP level 26. HP: 177/184 MP: 32/32
 65591 | Vaults:5 | Identified the staff "Itrafusm" {Int+4 Earth}
 65732 | Vaults:5 | Reached skill level 15 in Evocations
 66237 | Orc:2    | Bought a scroll of revelation for 127 gold pieces
 66840 | Zot:1    | Entered Level 1 of the Realm of Zot
 66893 | Zot:1    | Reached skill level 5 in Ice Magic
 66936 | Zot:2    | Noticed a Killer Klown
 66944 | Zot:2    | Killed a Killer Klown
 67470 | Zot:5    | Entered Level 5 of the Realm of Zot
 67941 | Zot:5    | Got a prismatic gem with 459 turns to spare
 68139 | Zot:5    | Noticed a Killer Klown
 68151 | Zot:5    | Killed a Killer Klown
 68402 | Zot:5    | Noticed an orb of fire
 68403 | Zot:5    | Lost the prismatic gem through the power of Zot.
 68419 | Zot:5    | Gained mutation: You are vulnerable to cold. (rC-) [an orb
                  | of fire]
 68424 | Zot:5    | Killed an orb of fire
 68461 | Zot:5    | Noticed a Killer Klown
 68468 | Zot:5    | Noticed an orb of fire
 68472 | Zot:5    | Killed an orb of fire
 68476 | Zot:5    | Killed a Killer Klown
 68516 | Zot:5    | Noticed an orb of fire
 68525 | Zot:5    | Gained mutation: Your body sometimes deteriorates upon
                  | taking damage. [an orb of fire]
 68537 | Zot:5    | Killed an orb of fire
 68694 | Zot:5    | Noticed an orb of fire
 68704 | Zot:5    | Killed an orb of fire
 68705 | Zot:5    | Reached XP level 27. HP: 160/189 MP: 26/32
 68807 | Zot:5    | Noticed an orb of fire
 68820 | Zot:5    | Gained mutation: You are clumsy. (Dex -2) [an orb of fire]
 68834 | Zot:5    | Killed an orb of fire
 68844 | Zot:5    | Noticed an ancient lich
 68850 | Zot:5    | Noticed an orb of fire
 68858 | Zot:5    | Gained mutation: You are very vulnerable to cold. (rC--)
                  | [an orb of fire]
 68863 | Zot:5    | Killed an orb of fire
 68870 | Zot:5    | Noticed an orb of fire
 68880 | Zot:5    | Killed an orb of fire
 69104 | Zot:5    | Lost mutation: You are very vulnerable to cold. (rC--)
                  | [potion of mutation]
 69104 | Zot:5    | Lost mutation: You are clumsy. (Dex -2) [potion of
                  | mutation]
 69105 | Zot:5    | Lost mutation: Your body sometimes deteriorates upon taking
                  | damage. [potion of mutation]
 69105 | Zot:5    | Lost mutation: You are vulnerable to cold. (rC-) [potion of
                  | mutation]
 69105 | Zot:5    | Gained mutation: You occasionally lose the ability to drink
                  | potions when taking damage. [potion of mutation]
 69105 | Zot:5    | Gained mutation: Your muscles are strong. (Str +4, Int/Dex
                  | -1) [potion of mutation]
 69105 | Zot:5    | Gained mutation: Your flesh is heat resistant. (rF+)
                  | [potion of mutation]
 69106 | Zot:5    | Lost mutation: Your flesh is heat resistant. (rF+) [potion
                  | of mutation]
 69106 | Zot:5    | Lost mutation: Your muscles are strong. (Str +4, Int/Dex
                  | -1) [potion of mutation]
 69106 | Zot:5    | Gained mutation: You possess an exceptional clarity of
                  | mind. [potion of mutation]
 69106 | Zot:5    | Gained mutation: You expend magic power (3 MP) to
                  | strengthen your wands. [potion of mutation]
 69107 | Zot:5    | Lost mutation: You expend magic power (3 MP) to strengthen
                  | your wands. [potion of mutation]
 69107 | Zot:5    | Lost mutation: You possess an exceptional clarity of mind.
                  | [potion of mutation]
 69107 | Zot:5    | Gained mutation: You are vulnerable to cold. (rC-) [potion
                  | of mutation]
 69107 | Zot:5    | Gained mutation: You have hidden genetic potential. [potion
                  | of mutation]
 69108 | Zot:5    | Lost mutation: You occasionally lose the ability to drink
                  | potions when taking damage. [potion of mutation]
 69108 | Zot:5    | Lost mutation: You have hidden genetic potential. [potion
                  | of mutation]
 69108 | Zot:5    | Gained mutation: Your system is resistant to poisons.
                  | (rPois) [potion of mutation]
 69108 | Zot:5    | Lost mutation: You are vulnerable to cold. (rC-) [potion of
                  | mutation]
 69108 | Zot:5    | Gained mutation: Your spells are a little harder to cast,
                  | but a little more powerful. [potion of mutation]
 69120 | Zot:5    | Noticed an orb of fire
 69127 | Zot:5    | Killed an orb of fire
 69142 | Zot:5    | Killed an ancient lich
 69197 | Zot:5    | Reached skill level 15 in Shields
 69683 | Zot:5    | Got the Orb of Zot
 70229 | D:$      | Escaped with the Orb!

Illustrated notes

Levels and vault maps discovered:
D:1:      lightli_arrival_lavapool, layout_rooms, serial_shops, shop
D:2:      layout_basic, minmay_heptomino_d4, uniq_sigmund, uniq_jessica
D:3:      layout_basic, pdpol_temple_overflow_zin_treasury_gozag_greed
D:4:      layout_basic, minmay_surrounded
D:5:      layout_cave_pods
D:6:      minmay_thinvault, layout_rooms, gammafunk_temple_overflow_statue,
          nicolae_uskayaw_dance_studio, minivault_5, uniq_pikel, uniq_menkaure
D:7:      layout_layer_cave, old_standard_altar, bloody_makhleb,
          minmay_temple_entry_wispy, serial_shops,
          nicolae_shop_advertising_works [nicolae_subvault_shop_adworks],
          kennysheep_generic_room_10
D:8:      layout_basic, amcnicky_altar_gilded, tgw_fedhas,
          lemuel_zombie_altar_yredelemnul, nicolae_overflow_crystal_walls
D:9:      layout_roguey, nicolae_wu_jian_immortal_techniques, okawaru_trees_2,
          old_standard_altar, erik_orc_1, uniq_grum, uniq_maurice
D:10:     layout_loops_ring, mainiacjoe_overflow_alcove_2,
          mainiacjoe_overflow_paths, serial_bayou_lake_a, uniq_joseph
D:11:     layout_basic, dpeg_lair_monsters, serial_shops, shop,
          nrook_guardian_serpent_double, uniq_erolcha
D:12:     statuecave_lemuel, layout_grid_maze, serial_glass, glass_columns_b,
          glass_columns_b
D:13:     layout_basic
D:14:     layout_loops_ring, grunt_vaults_entry_fortified, minivault_16
D:15:     hangedman_depths_entry_civil_slaughter, layout_stronghold,
          portal_ice_cave_entry_ice_simulacra
Temple:   nicolae_temple_ecumenical_triangle
Lair:1:   layout_hall_layers, uniq_sonja
Lair:2:   layout_loops_ring, shoals_dummy_entry, beast_lair_carwin_5
Lair:3:   beast_lair_carwin_large_3, layout_small_grid,
          spider_nest_entry_web_field, hellmonk_ghost_happy_afterlife
Lair:4:   layout_cave_pods, dpeg_slime_entry_corner,
          chequers_serial_rivers_small_a, grunt_megastairs_1
Lair:5:   evil_forest, layout_regular_city, lemuel_fruit_fields,
          grunt_megastairs_3
Shoals:1: layout_shoals, serial_shops, bzr_entry_water, overgrown_hall
Shoals:2: layout_shoals, gammafunk_ghost_split
Shoals:3: nicolae_shoals_island_circles, layout_shoals
Shoals:4: shoals_end_hellmonk_holy_island
Spider:1: layout_cave_pods
Spider:2: layout_spider_delve, uniq_arachne
Spider:3: layout_cave_pods, nicolae_spider_some_kinda_spiderbox
Spider:4: grunt_spider_rune_parallel, nicolae_spider_paper_wasps
Orc:1:    layout_diamond_mine, basic_altar, serial_shops, shop, uniq_jorgrun
Orc:2:    grunt_orc_community_town_hall, layout_diamond_mine,
          grunt_orc_community_big_house_2, grunt_orc_community_big_house_2,
          grunt_orc_community_house_2, grunt_orc_community_house_3,
          grunt_orc_community_house_3, grunt_orc_community_house_2,
          grunt_orc_community_house_3, grunt_orc_community_house_3,
          serial_shops, nicolae_shop_tiny_glass
Elf:1:    elf_arrival_001, layout_loops_ring, kennysheep_underground_church,
          nicolae_shop_i_like_big_books, uniq_asterion
Elf:2:    nicolae_elf_blades_crystal_corner, layout_loops_corners, serial_shops,
          nicolae_shop_trees, uniq_louise
Elf:3:    grunt_elf_hall_asides, layout_geoelf_octagon, serial_shops, shop,
          hangedman_elven_crosses_minicolossus
Vaults:1: nicolae_vaults_little_squares_4, nicolae_vaults_storage_closets_2,
          vaults_mumra_hex, nicolae_vaults_storage_closets_3,
          nicolae_vaults_weapon_check, vaults_mumra_hexcomb,
          vaults_dpeg_diagonal, hangedman_vaults_trim,
          nicolae_vaults_shelves_hall, nicolae_vaults_layer_cake_slice,
          vaults_dpeg_cross, sword_in_stone, ontoclasm_vaults_pinch,
          layout_vaults_big_room, uniq_nikola
Vaults:2: grunt_vaults_diagonal, minmay_crypt_entry_simple_corners, v_misc_27,
          nicolae_vaults_mini_display_case, v_misc_2,
          nicolae_vaults_more_shelving_1, hangedman_vaults_stretched_pinwheel,
          nicolae_vaults_closet_pinwheel_1, hangedman_vaults_maws,
          nicolae_vaults_storage_room_glass, layout_vaults_omnigrid
Vaults:3: nicolae_vaults_yaktaur_gun_rack, v_misc_14, nicolae_vaults_meiosis,
          nicolae_vaults_back_hallway, nicolae_vaults_security_offices_3,
          vaults_mumra_minichess_inversion,
          nicolae_vaults_windows_and_doors_thing, dpeg_vaults_monster_box,
          vaults_standard_mumra_lines, grunt_vaults_bifocal,
          nicolae_vaults_tetromino_T_2, layout_vaults_omnibox, serial_shops,
          shop, uniq_margery
Vaults:4: hangedman_vaults_stream, nicolae_vaults_sesquioval_fish,
          nicolae_vaults_sesquioval_fish, nicolae_vaults_ninety_degrees,
          vaults_standard_mumra_x, nicolae_vaults_network_square,
          nicolae_vaults_cochlea, layout_vaults_omnicross
Vaults:5: serial_shops
Crypt:1:  ragdoll_tomb_raider, layout_chaotic_city, weyrava_ghost_lake
Crypt:2:  layout_catacombs
Crypt:3:  church_of_pain_bobbens, layout_chaotic_city, tomb_entry_shell_bobbens
Depths:1: minmay_the_grid_octo_tiled_squarecenter [minmay_the_grid_octo_chip,
          minmay_the_grid_octo_clover, minmay_the_grid_octo_fan_narrow,
          minmay_the_grid_octo_focus,
          minmay_the_grid_square_5x5_megaprize_crossed,
          minmay_the_grid_square_5x5_minivault,
          minmay_the_grid_square_5x5_checkered,
          minmay_the_grid_square_5x5_spiral,
          minmay_the_grid_square_5x5_moneybag], layout_gridlike,
          rand_demon_pan_entry_7, chequers_serial_rivers_micro_c,
          hangedman_geh_valley, chequers_serial_rivers_micro_e,
          minmay_misc_feat_room, tgw_trog, uniq_saint_roka, uniq_bai_suzhen
Depths:2: minmay_guarded_unrand_majin_bo, layout_honeycomb, enter_ziggurat_a,
          serial_shops, nicolae_shop_real_fake_doors, grunt_pan_entry_zigzag,
          hell_entry, chequers_jeans, nicolae_elevator_lobby_plus,
          uniq_josephina, uniq_sojobo
Depths:3: kennysheep_four_of_diamonds, layout_gridlike, grunt_gozag_statues,
          abyss_entry_crystal, pf_hell_entry_tar_spiral, serial_shops,
          kennysheep_little_box, uniq_norris
Depths:4: grunt_zot_entry_alcove, layout_cave_shapes, serial_shops,
          nicolae_shop_window_shopping, fiery_altar_vehumet, hell_entry,
          rand_demon_pan_entry_4, hellmonk_guarded_unrand_seven_league_boots,
          serial_bayou_shore_b
Zot:1:    layout_misc_corridors, grunt_ministairs_8, regret_index_zotdec_ex
Zot:2:    layout_basic, nzn_ghost_randoct
Zot:3:    layout_cathedral_of_symmetry, hangedman_zot_spectrum
Zot:4:    layout_twisted_circle
Zot:5:    layout_basic

Skill      XL: |  1  2  3  4  5  6  7  8  9 10 11 12 13 14 15 16 17 18 19 20 21 22 23 24 25 26 27 |
---------------+----------------------------------------------------------------------------------+-----
Fighting       | 2 3 4 5 7 8 9 11 13 15 17 18 19 20 21 22 23 | 23.0
Dodging        | 1 2 3 4 5 7 8 9 10 11 12 13 14 15 16 17 18 19 | 19.4
Spellcasting   | 2 3 4 5 6 |  6.0
Evocations     | 2 3 5 7 9 10 12 13 14 15 | 15.0
Long Blades    | 4 7 9 11 12 14 15 16 17 18 19 20 21 | 21.3
Shields        | 2 4 6 8 9 10 11 12 14 15 | 15.3
Summonings     | 3 4 5 6 10 13 14 | 14.2
Ice Magic      | 4 5 |  5.0
Invocations    | 1 3 5 8 10 11 12 | 12.1
Shapeshifting  | 3 9 10 | 10.0
Translocations | 5 6 7 10 | 10.2
Alchemy        | 3 6 |  6.9
Earth Magic    | 3 5 6 |  6.3
Air Magic      | 3 |  3.5
Stealth        | 11 | 11.9

Action                     |  1- 3 |  4- 6 |  7- 9 | 10-12 | 13-15 | 16-18 | 19-21 | 22-24 | 25-27 || total
---------------------------+-------+-------+-------+-------+-------+-------+-------+-------+-------++-------
  Melee: Dagger            |    33 |    92 |   199 |    40 |     6 |       |       |       |       ||   370
         Constrict         |     8 |    21 |    49 |    45 |    77 |   193 |   177 |   144 |   125 ||   839
         Tentacles         |    11 |    18 |    49 |    68 |   152 |   246 |   245 |   362 |   299 ||  1450
         Punch             |       |     2 |     2 |     3 |     7 |    13 |    23 |    19 |    21 ||    90
         Spear             |       |       |     6 |       |       |       |       |       |       ||     6
         Double sword      |       |       |       |   244 |   546 |   791 |   769 |   247 |    65 ||  2662
         Maw               |       |       |       |       |       |       |   220 |   454 |   340 ||  1014
         Demon blade       |       |       |       |       |       |       |       |   721 |   649 ||  1370
  Throw: Stone             |     1 |     2 |       |       |       |       |       |       |       ||     3
         Dart              |       |     4 |    32 |    13 |     9 |     3 |     1 |     2 |       ||    64
         Throwing net      |       |       |       |       |       |     2 |       |       |       ||     2
   Cast: Freeze            |     3 |     6 |       |       |       |       |       |       |       ||     9
         Ozocubu's Armour  |       |     4 |    18 |    24 |    25 |    11 |     3 |     1 |       ||    86
         Scorch            |       |       |    11 |    16 |     7 |     2 |       |       |       ||    36
         Call Canine Famil |       |       |       |    13 |    25 |    18 |     5 |       |       ||    61
         Lesser Beckoning  |       |       |       |       |       |     1 |       |       |       ||     1
         Summon Cactus Gia |       |       |       |       |       |       |       |       |     5 ||     5
         Summon Forest     |       |       |       |       |       |       |       |       |     1 ||     1
         Blink             |       |       |       |       |       |       |       |       |     1 ||     1
 Invoke: Recall Ancestor   |       |       |     3 |     8 |    12 |    27 |     8 |    10 |    13 ||    81
         Ancestor Life: Ba |       |       |       |     1 |       |       |       |       |       ||     1
         Idealise          |       |       |       |       |     1 |    11 |     6 |     3 |    11 ||    32
  Evoke: Wand              |       |    10 |     6 |     6 |    21 |    12 |     3 |       |    14 ||    72
         Phantom mirror    |       |       |       |       |     2 |     1 |       |       |       ||     3
         Condenser vane    |       |       |       |       |       |     1 |     1 |     3 |       ||     5
         Lightning rod     |       |       |       |       |       |       |       |     3 |       ||     3
         Sack of spiders   |       |       |       |       |       |       |       |       |     1 ||     1
    Use: Scroll            |       |     5 |     1 |    14 |     7 |    21 |    17 |    15 |    18 ||    98
         Potion            |       |       |       |     2 |     1 |     1 |     3 |       |    10 ||    17
   Stab: Sleeping          |     9 |    18 |     9 |    28 |    19 |    18 |     8 |    10 |     5 ||   124
         Paralysed         |       |       |     1 |     1 |     4 |       |       |       |       ||     6
         Distracted        |       |       |     1 |     2 |    27 |    26 |    34 |    43 |    33 ||   166
         Held in net/web   |       |       |       |       |       |     2 |       |       |       ||     2
 Armour: Skin              |    11 |    59 |    87 |    86 |    82 |   164 |   159 |   145 |   108 ||   901
  Dodge: Dodged            |    18 |    60 |   170 |   224 |   303 |   464 |   403 |   640 |   477 ||  2759
  Block: Kite shield       |       |       |       |   179 |   300 |   571 |   628 |   702 |   442 ||  2822
         Buckler           |       |       |       |       |     1 |    24 |       |       |       ||    25
   Form: Maw               |       |       |       |       |       |       |     1 |       |       ||     1

Table legend: (Time is in decaauts)
 A = Elapsed time spent in this place.
 B = Non-inter-level travel time spent in this place.
 C = Inter-level travel time spent in this place.
 D = Time resting spent in this place.
 E = Time spent auto-exploring this place.
 F = Levels seen in this place.
 G = Mean time per level.
                   A        B        C        D        E       F      G
               +--------+--------+--------+--------+--------+-----+--------+
         Total |  69604 |  60341 |   9263 |  17785 |  26469 |  53 | 1313.3 |
       Dungeon |  21240 |  17075 |   4165 |   4563 |   7693 |  15 | 1416.0 |
        Temple |     19 |     19 |      0 |      0 |      0 |   1 |   19.0 |
          Lair |   8456 |   7809 |    647 |   2180 |   4209 |   5 | 1691.2 |
        Shoals |   3091 |   2817 |    274 |    552 |   1134 |   4 |  772.8 |
   Spider Nest |   5427 |   5202 |    225 |   1644 |   2299 |   4 | 1356.8 |
  Orcish Mines |   3586 |   2537 |   1049 |    898 |   1016 |   2 | 1793.0 |
   Elven Halls |   8509 |   7597 |    912 |   4062 |   1946 |   3 | 2836.3 |
        Vaults |   7436 |   6306 |   1130 |    862 |   3745 |   5 | 1487.2 |
         Crypt |   1865 |   1791 |     74 |    121 |   1140 |   3 |  621.7 |
        Depths |   5298 |   4679 |    619 |    819 |   2662 |   4 | 1324.5 |
           Zot |   2892 |   2728 |    164 |   1057 |    508 |   5 |  578.4 |
        Bazaar |     63 |     63 |      0 |      0 |     49 |   1 |   63.0 |
      Ice Cave |   1717 |   1717 |      0 |   1024 |     68 |   1 | 1717.0 |
               +--------+--------+--------+--------+--------+-----+--------+

Top non-repeatable levels by time:
   Elf:3: 4293 daAuts
   Orc:2: 2714 daAuts
  Lair:5: 2683 daAuts
     D:9: 2434 daAuts
    D:14: 2298 daAuts
   Zot:5: 2206 daAuts
   Elf:2: 2150 daAuts
     D:6: 2070 daAuts
   Elf:1: 2065 daAuts
  Lair:3: 1942 daAuts
     D:5: 1859 daAuts
     D:7: 1824 daAuts
Spider:4: 1772 daAuts
Depths:2: 1768 daAuts
Vaults:1: 1718 daAuts
